 Dungeon Crawl Stone Soup version 0.31.0-9-g3a7656b989 (webtiles) character file.

Game seed: 17004547677320379076

50 qw the Shooter (level 3, -1/18 HPs)
             Began as a Spriggan Hunter on Feb 3, 2024.
             Slain by a goblin
             ... wielding a +0 club
             ... led by Robin
              (5 damage)
             ... on level 2 of the Dungeon.
             The game lasted 00:00:24 (485 turns).

qw the Shooter (Spriggan Hunter)                     Turns: 485, Time: 00:00:24

Health: -1/18      AC:  2    Str:  7    XL:     3   Next: 55%
Magic:  4/4        EV: 19    Int: 13    God:
Gold:   99         SH:  0    Dex: 20    Spells: 2/2 levels left

rFire   . . .        e - +0 arbalest of Responsibility {heavy, rN+ Int+3 SInv}
rCold   . . .        (shield currently unavailable)
rNeg    + . .        c - +0 robe
rPois   .            (helmet restricted)
rElec   .            (no cloak)
rCorr   .            (gloves unavailable)
SInv    +            (boots unavailable)
Will    .....        (no amulet)
Stlth   ++           (no ring)
HPRegen 0.23/turn    (no ring)
MPRegen 0.09/turn

%: no passive effects
@: very quick
A: very small, no large weapons, unfitting armour, see invisible, speed 3
a: no special abilities


You were on level 2 of the Dungeon.
You visited 1 branch of the dungeon, and saw 2 of its levels.

You collected 99 gold pieces.


Innate Abilities, Weirdness & Mutations

You are very small and have problems with some larger weapons.
You are too small for most types of armour.
You have supernaturally acute eyesight. (SInv)
You cover ground extremely quickly. (Speed+++)


   Skills:
 - Level 1.5 Fighting
 + Level 4.8 Ranged Weapons
 - Level 4.0 Dodging
 - Level 1.5 Stealth


You had 2 spell levels left.
You didn't know any spells.
Your spell library was empty.

Inventory:

Hand Weapons
 e - the +0 arbalest of Responsibility (weapon) {heavy, rN+ Int+3 SInv}
   (You acquired it on level 1 of the Dungeon)

   Int+3:     It affects your intelligence (+3).
   rN+:       It protects you from negative energy.
   SInv:      It lets you see invisible.
Armour
 c - a +0 robe (worn)
Potions
 d - a potion of heal wounds
 g - a potion of berserk rage {unknown}
 h - a potion of attraction {unknown}
 i - a potion of curing {unknown}

Dungeon Overview and Level Annotations

Branches:
Dungeon (2/15)

Altars:


Message History

You shoot a bolt. The bolt closely misses the goblin.
The endoplasm quivers.
You shoot a bolt. The bolt hits the goblin!!!
You kill the goblin!
You shoot a bolt. The bolt hits the endoplasm!
You kill the endoplasm!
You shoot a bolt. The bolt hits the goblin!
You kill the goblin!
You shoot a bolt. The bolt hits the goblin!!
You kill the goblin!
A hobgoblin and 3 goblins come into view.
You shoot a bolt.
The bolt hits the goblin but does no damage.
The goblin shouts!
You hear a shout!
Robin of the Strong Arm comes into view.
They are wielding a +0 mace and carrying a wand of polymorph.
A goblin comes into view. It is wielding a +0 dagger.
Robin throws the goblin at you!
Robin roars a battlecry!
The goblins go into a battle-frenzy!
You shoot a bolt. The goblin shouts! x2
The bolt hits the goblin!!
You kill the goblin!
Robin throws the goblin at you! The goblin misses you. x2
You shoot a bolt. The bolt hits the goblin!
You kill the goblin!
The goblin barely misses you. The goblin misses you. x2
You shoot a bolt. The bolt hits the goblin!!
You kill the goblin!
The goblin barely misses you. The hobgoblin misses you. The goblin misses you.
You shoot a bolt. The bolt hits Robin!!
You kill Robin!
The goblin hits you with a +0 club. The hobgoblin hits you!
The hobgoblin closely misses you. The goblin barely misses you.
You shoot a bolt. The bolt hits the hobgoblin!!
You kill the hobgoblin!
The goblin hits you with a +0 club. The goblin misses you.
The goblin hits you with a +0 club.
You die...

# .# .# .#.#
###########.### ...#
...##.........# #
...#.##.##.........#
###..... #.##.........#
.......###....#.######
...#........###.########
...#######.....)@)......
.#..........##^.g)......
.####...)...............
...######.>..##.).......
.#.# #######.........
.#.# #..)...... ...#
#....).).. #...
#......... ..#.#


You could see a goblin (strong).

Vanquished Creatures
  Robin (D:2)
  4 ball pythons (D:1)
  4 endoplasms
  3 giant cockroaches (D:1)
  8 goblins (D:2)
  4 hobgoblins
  2 jackals (D:1)
  3 bats (D:1)
  3 kobolds (D:1)
  2 rats (D:1)
34 creatures vanquished.

Notes
Turn   | Place    | Note
-------+----------+-------------------------------------------
     0 | D:1      | qw the Spriggan Hunter began the quest for the Orb.
     0 | D:1      | Reached XP level 1. HP: 10/10 MP: 2/2
     0 | D:1      | 0 ||| qw: Version: 0.3-a-155-g5e7d8dd
     0 | D:1      | 0 ||| qw: Game counter: 3058
     0 | D:1      | 0 ||| qw: Melee chars always use a shield: true
     0 | D:1      | 0 ||| qw: God list: Okawaru
     0 | D:1      | 0 ||| qw: Allow faded altars: false
     0 | D:1      | 0 ||| qw: Do Orc after clearing Dungeon:15 true
     0 | D:1      | 0 ||| qw: Do second Lair branch before Depths: true
     0 | D:1      | 0 ||| qw: Lair rune preference: random
     0 | D:1      | 0 ||| qw: Goals: Normal
     0 | D:1      | 0 ||| PLANNING D:1-11
    36 | D:1      | Reached skill level 3 in Dodging
    96 | D:1      | Reached XP level 2. HP: 14/14 MP: 3/3
   403 | D:1      | 403 ||| DROPPING +6 ring of intelligence.
   404 | D:1      | 404 ||| READING scroll labelled SIERYN KEMA.
   404 | D:1      | 404 ||| IDENTIFYING metallic yellow potion
   405 | D:1      | 405 ||| READING scroll labelled IPRYONUGOE.
   405 | D:1      | Identified a scroll of acquirement
   405 | D:1      | 405 ||| ACQUIRING +0 arbalest of Responsibility {heavy, rN+
                  | Int+3 SInv}
   405 | D:1      | Acquired the +0 arbalest of Responsibility {heavy, rN+
                  | Int+3 SInv}
   407 | D:1      | 407 ||| SWAPPING to +0 arbalest of Responsibility {heavy,
                  | rN+ Int+3 SInv}.
   408 | D:1      | 408 ||| DROPPING +0 shortbow.
   409 | D:1      | 409 ||| DROPPING scroll of butterflies.
   467 | D:2      | Reached XP level 3. HP: 18/18 MP: 4/4
   480 | D:2      | Noticed Robin
   484 | D:2      | Killed Robin
   485 | D:2      | HP: 4/18 [goblin/+0 club[Robin] (6)]
   485 | D:2      | Slain by a goblin

Levels and vault maps discovered:
D:1:      lightli_arrival_boilingwater, layout_rooms, grunt_decor_arrowhead,
          dreamdust_wishing_well
D:2:      layout_basic, uniq_robin

Skill      XL: |  1  2 |
---------------+-------+-----
Dodging        | 3 4 |  4.0
Fighting       | |  1.5
Ranged Weapons | |  4.8
Stealth        | |  1.5

Action                     || total
---------------------------++-------
   Fire: Shortbow          ||    55
         Arbalest          ||    19
    Use: Scroll            ||     2
 Armour: Robe              ||    14
  Dodge: Dodged            ||    26

Table legend:
 A = Non-vault XP
 B = Vault XP
 C = Vault XP percentage of total XP
 D = Non-vault monster count
 E = Vault monster count
 F = Vault count percentage of total count
                 A         B        C        D         E       F
            +---------+---------+-------+---------+---------+-------
      Total |      42 |      32 |  43.2 |      24 |      10 |  29.4
            +---------+---------+-------+---------+---------+-------
        D:1 |      38 |       0 |   0.0 |      22 |       0 |   0.0
        D:2 |       4 |      32 |  88.9 |       2 |      10 |  83.3
            +---------+---------+-------+---------+---------+-------
